 Dungeon Crawl Stone Soup version 0.31-a0-43-g46d131a48f (webtiles) character file.

Game seed: 322388216280409227

90 ders the Digger (level 4, 0/24 HPs)
             Began as a Gargoyle Earth Elementalist on May 19, 2023.
             Slain by a river rat (8 damage)
             ... on level 3 of the Dungeon.
             The game lasted 00:03:19 (2488 turns).

ders the Digger (Gargoyle Earth Elementalist)       Turns: 2488, Time: 00:03:19

Health: 0/24       AC:  7    Str: 11    XL:     4   Next: 56%
Magic:  0/9        EV: 11    Int: 18    God:
Gold:   150        SH:  0    Dex: 10    Spells: 9/10 levels left

rFire   . . .        f - staff of earth
rCold   + . .        (no shield)
rNeg    + . .        a - +0 robe
rPois   ∞            u - +1 helmet
rElec   +            (no cloak)
rCorr   .            (no gloves)
SInv    .            (no boots)
Will    .....        (no amulet)
Stlth   ++           t - ring of protection from cold
HPRegen 0.24/turn    (no ring)
MPRegen 0.11/turn

%: no passive effects
@: no status effects
A: sickness immunity, AC +3, negative energy resistance 1, electricity
resistance, torment resistance 1, petrification resistance
a: no special abilities


You were on level 3 of the Dungeon.
You visited 1 branch of the dungeon, and saw 3 of its levels.

You collected 150 gold pieces.

Inventory:

Hand Weapons
 b - a +0 sling
 s - a +4 sling
Armour
 a - a +0 robe (worn)
 u - a +1 helmet (worn)
Magical Staves
 f - a staff of earth (weapon)
Jewellery
 t - a ring of protection from cold (left hand)
Wands
 p - a wand of charming (16)
Scrolls
 k - a scroll of summoning
 l - a scroll of teleportation
 m - a scroll of fear
Potions
 c - a potion of attraction {unknown}
 d - 2 potions of curing {unknown}
 e - 2 potions of heal wounds {unknown}
 g - a potion of flight {unknown}
 h - a potion of invisibility {unknown}
 i - a potion of cancellation {unknown}
 j - a potion of lignification {unknown}
 n - 2 potions of brilliance {unknown}
 o - 2 potions of mutation {unknown}
 q - a potion of haste {unknown}
 r - a potion of degeneration {unknown}


   Skills:
 - Level 1.5 Dodging
 - Level 2.1 Stealth
 * Level 3.7 Spellcasting
 - Level 0.7 Transmutations
 + Level 4.6 Earth Magic


You had 9 spell levels left.
You knew the following spells:

 Your Spells              Type           Power      Damage    Failure   Level
a - Sandblast             Erth           60%        2d14      2%          1

Your spell library contained the following spells:

 Spells                   Type           Power      Damage    Failure   Level
 Passwall                 Tmut/Erth      15%        N/A       8%          2
 Stone Arrow              Conj/Erth      34%        3d9       17%         3
 Petrify                  Tmut/Erth      19%        N/A       45%         4


Dungeon Overview and Level Annotations

Branches:
Dungeon (3/15)

Altars:


Innate Abilities, Weirdness & Mutations

You are immune to sickness and miasma.
Your stone body is resilient. (AC +3)
You are immune to poison.
You resist negative energy. (rN+)
You are resistant to electric shocks. (rElec)
You are resistant to unholy torment.
You are immune to petrification.


Message History

Aim: a river rat (82% to hit)
You feel a surge of power!
The blast of sand hits the river rat but does no damage.
The river rat barely misses you. x2
Unknown command.
Casting: Sandblast (safe; 2% risk of failure)
Confirm with . or Enter, or press ? or * to list all spells.
Aiming: Sandblast (safe; 2% risk of failure)
Press: ? - help, Shift-Dir - straight line, f/p - river rat
Aim: a river rat (82% to hit)
You feel a surge of power!
The blast of sand hits the river rat.
The river rat is lightly wounded.
The river rat bites you but does no damage.
The river rat bites you. The river rat closely misses you.
The river rat bites you but does no damage.
Unknown command.
Casting: Sandblast (safe; 2% risk of failure)
Confirm with . or Enter, or press ? or * to list all spells.
Aiming: Sandblast (safe; 2% risk of failure)
Press: ? - help, Shift-Dir - straight line, f/p - river rat
Aim: a river rat (lightly wounded, 82% to hit)
You feel a surge of power!
The blast of sand hits the river rat.
The river rat is heavily wounded.
The river rat closely misses you.
The river rat bites you but does no damage.
Unknown command.
You barely miss the river rat.
The river rat is heavily wounded.
The river rat bites you. x2; The river rat barely misses you.
The river rat bites you. The river rat attacks as you move away!
The river rat barely misses you. The river rat attacks as you move away!
The river rat misses you.
Casting: Sandblast (safe; 2% risk of failure)
Confirm with . or Enter, or press ? or * to list all spells.
Aiming: Sandblast (safe; 2% risk of failure)
Press: ? - help, Shift-Dir - straight line, f/p - river rat
Aim: a river rat (heavily wounded, 82% to hit)
You feel a surge of power!
The blast of sand misses the river rat.
The river rat bites you!
You die...

+~~~..#
###+~~...#
~~~†~~...#
~~~~~....#
.~~......#
...$....†#
#.######B#
#......r.#
######@###
#.# #.#
#.####
#....##
####..##
##..# ####
##.# ..##
#.####
#..#


You could see a river rat and a giant cockroach.

Vanquished Creatures
  An adder (D:2)
  2 river rats (D:3)
  A worm (D:3)
  A dart slug (D:3)
  An orc (D:3)
  5 endoplasms
  3 giant cockroaches (D:3)
  5 goblins
  4 hobgoblins
  4 jackals (D:2)
  4 quokkas
  6 bats
  7 frilled lizards
  4 kobolds
  7 rats
55 creatures vanquished.

Notes
Turn   | Place    | Note
-------+----------+-------------------------------------------
     0 | D:1      | ders the Gargoyle Earth Elementalist began the quest for
                  | the Orb.
     0 | D:1      | Reached XP level 1. HP: 10/10 MP: 3/3
   502 | D:2      | Reached XP level 2. HP: 15/15 MP: 3/5
   719 | D:2      | Reached skill level 4 in Earth Magic
  1111 | D:2      | Reached XP level 3. HP: 19/19 MP: 5/7
  1241 | D:2      | Identified the +9 short sword of Ambiguity {heavy, rC++
                  | MP-9}
  2105 | D:3      | Identified a scroll of acquirement
  2105 | D:3      | Acquired a staff of earth
  2158 | D:3      | Reached XP level 4. HP: 24/24 MP: 6/9
  2217 | D:3      | Found a faded altar of an unknown god.
  2488 | D:3      | Slain by a river rat

Illustrated notes

Levels and vault maps discovered:
D:1:      onia_arrival_mini_spirals, layout_basic
D:2:      layout_basic
D:3:      layout_rooms, nicolae_ecumenical_lake_church, portal_sewer_entry_e

Skill      XL: |  1  2  3 |
---------------+----------+-----
Earth Magic    | 4 |  4.6
Spellcasting   | 3 |  3.7
Dodging        | |  1.5
Stealth        | |  2.1
Transmutations | |  0.7

Action                     |  1- 3 |  4- 6 || total
---------------------------+-------+-------++-------
  Melee: Unarmed           |     1 |       ||     1
         Staff             |       |     1 ||     1
   Fire: Sling             |     8 |       ||     8
   Cast: Sandblast         |    62 |    18 ||    80
    Use: Potion            |     1 |       ||     1
         Scroll            |     8 |       ||     8
 Armour: Robe              |    18 |     5 ||    23
  Dodge: Dodged            |    39 |    15 ||    54

Table legend: (Time is in decaauts)
 A = Elapsed time spent in this place.
 B = Non-inter-level travel time spent in this place.
 C = Inter-level travel time spent in this place.
 D = Time resting spent in this place.
 E = Time spent auto-exploring this place.
 F = Levels seen in this place.
 G = Mean time per level.
                   A        B        C        D        E       F      G
               +--------+--------+--------+--------+--------+-----+--------+
         Total |   2531 |   2305 |    226 |    173 |   1810 |   3 |  843.7 |
       Dungeon |   2531 |   2305 |    226 |    173 |   1810 |   3 |  843.7 |
               +--------+--------+--------+--------+--------+-----+--------+

Top non-repeatable levels by time:
     D:2: 1464 daAuts
     D:3: 567 daAuts
     D:1: 499 daAuts
